 Dungeon Crawl Stone Soup version 0.32-a0-18-g89e19f1974 (webtiles) character file.

Game seed: 5825838316592397729

56 Descartes the Sneak (level 3, -9/18 HPs)
             Began as a Felid Shapeshifter on Jan 16, 2024.
             Mangled by Terence
             ... wielding a +2 heavy mace
              (17 damage)
             ... on level 2 of the Dungeon.
             The game lasted 00:01:23 (1022 turns).

Descartes the Sneak (Felid Shapeshifter)            Turns: 1022, Time: 00:01:24

Health: -9/18      AC:  1    Str: 12    XL:     3   Next: 71%
Magic:  4/4        EV: 17    Int: 13    God:
Gold:   104        SH:  0    Dex: 15    Spells: 2/2 levels left
                                        Lives:  0   Deaths: 1

rFire   . .          .
                       - Unarmed
rCold   . . .        (shield unavailable)
rNeg    . . .        (body armour unavailable)
rPois   .            (helmet unavailable)
rElec   .            (cloak unavailable)
rCorr   .            (gloves unavailable)
SInv    +            (boots unavailable)
Will    .....        (no amulet)
Stlth   +++          (no ring)
HPRegen 0.23/turn    (no ring)
MPRegen 0.09/turn

%: no passive effects
@: beast-form
A: beast (slay +1), very small, claws 1, fangs 3, see invisible, shaggy fur 1,
stealthy paws, no weapons or thrown items, no armour, multi-lived
a: Begin Untransformation


You were on level 2 of the Dungeon.
You were a hulking beast.
You visited 1 branch of the dungeon, and saw 2 of its levels.

You collected 104 gold pieces.

Inventory:

Talismans
 b - a beast talisman
 c - a flux talisman
 f - a flux talisman
Scrolls
 d - a scroll of acquirement {unknown}
 e - 3 scrolls of identify {unknown}
 g - a scroll of fog {unknown}
 i - a scroll of teleportation {unknown}
 j - a scroll of immolation {unknown}
 k - a scroll of vulnerability {unknown}
 l - a scroll of noise {unknown}
 m - a scroll of brand weapon {unknown}
Potions
 a - 2 potions of lignification
 h - a potion of brilliance {unknown}
 n - 2 potions of curing {unknown}


   Skills:
 - Level 1.0 Fighting
 - Level 2.6 Dodging
 + Level 5.1 Stealth
 - Level 3.0 Unarmed Combat
 - Level 2.6 Shapeshifting


You had 2 spell levels left.
You didn't know any spells.
Your spell library contained the following spells:

 Spells                   Type           Power      Damage    Failure   Level
 Malign Gateway           Summ/Tloc      0%         N/A       100%        7
 Summon Horrible Things   Summ           0%         N/A       100%        8


Dungeon Overview and Level Annotations

Branches:
Dungeon (2/15)

Altars:

Annotations:
D:2 Terence


Innate Abilities, Weirdness & Mutations

You are a hulking beast.
Your limbs bulge with bestial killing power. (Slay +1)
You have sharp claws.
You have razor-sharp teeth.
You have supernaturally acute eyesight. (SInv)
You are covered in fur. (AC +1)
Your paws help you pounce on unaware monsters.
You are incapable of wielding weapons or throwing items.
You cannot wear armour.
You gain extra lives every three experience levels.


Message History

The hobgoblin is almost dead.
The hobgoblin closely misses you.
You scratch the hobgoblin.
You kill the hobgoblin!
Terence the Incautious comes into view.
He is wielding a +2 heavy mace.
The hobgoblin closely misses you.
You closely miss the hobgoblin. The hobgoblin closely misses you.
Terence shouts!
You claw the hobgoblin!
You kill the hobgoblin!
You hear an angry hiss.
A frilled lizard comes into view.
Terence hits you with a +2 heavy mace!
Ouch! That really hurt!
* * * LOW HITPOINT WARNING * * *
You are too injured to fight recklessly!
You are too injured to fight recklessly!
You are too injured to fight recklessly!
You are too injured to fight recklessly!
You are too injured to fight recklessly!
You are too injured to fight recklessly!
You are too injured to fight recklessly!
You are too injured to fight recklessly!
You are too injured to fight recklessly!
You are too injured to fight recklessly!
You are too injured to fight recklessly!
You are too injured to fight recklessly!
You are too injured to fight recklessly!
You are too injured to fight recklessly!
You are too injured to fight recklessly!
You are too injured to fight recklessly!
You are too injured to fight recklessly!
Unknown command.
A ball python comes into view.
There is an open door here.
Terence completely misses you. Terence attacks as he pursues you!
Terence hits you with a +2 heavy mace!
Ouch! That really hurt!
You die...
Terence says, "That felt goooood."

#..#.#.##.#.. ##...#.##.#.#
###...##.#.# #.#..#.#.#
...#..#.#.#
############..#.#.#
...........#)...#.#
##########........####
#.....@h<...# #......####.####
#.l....#.......#
#.#'##.#^......#
#.#.##.#.......#
#.#.##.#.......##
#######.#....####.....#
..........###########.########
.....!.....(..................


You could see Terence and a frilled lizard.

Vanquished Creatures
  2 adders (D:2)
  2 dart slugs (D:2)
  A ribbon worm (D:2)
  5 endoplasms
  2 giant cockroaches (D:1)
  2 goblins (D:1)
  5 hobgoblins
  A kobold (D:1)
  3 quokkas
  A ball python (D:2)
  3 bats
  A rat (D:2)
28 creatures vanquished.

Notes
Turn   | Place    | Note
-------+----------+-------------------------------------------
     0 | D:1      | Descartes the Felid Shapeshifter began the quest for the
                  | Orb.
     0 | D:1      | Reached XP level 1. HP: 10/10 MP: 2/2
    27 | D:1      | Reached skill level 1 in Stealth
   106 | D:1      | Reached skill level 2 in Stealth
   233 | D:1      | Reached XP level 2. HP: 14/14 MP: 3/3
   360 | D:1      | Reached skill level 3 in Stealth
   681 | D:2      | Reached skill level 4 in Stealth
   742 | D:2      | Reached XP level 3. HP: 11/18 MP: 4/4
   916 | D:2      | Slain by a jackal
   916 | D:2      | Lost a life (0 lives remaining)
   947 | D:2      | Reached skill level 5 in Stealth
  1006 | D:2      | Noticed Terence
  1022 | D:2      | Mangled by Terence

Illustrated notes

Levels and vault maps discovered:
D:1:      reono_arrival_mine, layout_rooms, minmay_tetromino_t4
D:2:      layout_basic, uniq_terence

Skill      XL: |  1  2  3 |
---------------+----------+-----
Stealth        | 2 4 5 |  5.1
Fighting       | |  1.0
Dodging        | |  2.6
Unarmed Combat | |  3.0
Shapeshifting  | |  2.6

Action                     || total
---------------------------++-------
  Melee: Unarmed           ||    63
         Bite              ||     4
         Punch             ||     1
   Stab: Sleeping          ||     6
 Armour: Skin              ||    32
  Dodge: Dodged            ||    43

Table legend: (Time is in decaauts)
 A = Elapsed time spent in this place.
 B = Non-inter-level travel time spent in this place.
 C = Inter-level travel time spent in this place.
 D = Time resting spent in this place.
 E = Time spent auto-exploring this place.
 F = Levels seen in this place.
 G = Mean time per level.
                   A        B        C        D        E       F      G
               +--------+--------+--------+--------+--------+-----+--------+
         Total |   1018 |    978 |     40 |      0 |    778 |   2 |  509.0 |
       Dungeon |   1018 |    978 |     40 |      0 |    778 |   2 |  509.0 |
               +--------+--------+--------+--------+--------+-----+--------+

Top non-repeatable levels by time:
     D:1: 517 daAuts
     D:2: 500 daAuts
